 Dungeon Crawl Stone Soup version 0.20.1-1-g8b1a95d (webtiles) character file.

604 Heskey the Fighter (level 7, -6/80 HPs)
             Began as an Ogre Berserker on Nov 7, 2017.
             Was a Believer of Trog.
             Mangled by a phantom (8 damage)
             ... on level 4 of the Dungeon.
             The game lasted 00:06:21 (3387 turns).

Heskey the Fighter (Ogre Berserker)                 Turns: 3387, Time: 00:06:22

Health: -6/80      AC:  4    Str: 24    XL:     7   Next: 42%
Magic:  7/7        EV: 11    Int:  8    God:    Trog [**....]
Gold:   81         SH:  0    Dex:  8    Spells: 6/6 levels left

rFire    . . .     SeeInvis .   a - +0 mace
rCold    . . .     Gourm    .   (no shield)
rNeg     . . .     Faith    .   b - +0 animal skin
rPois    .         Spirit   .   (helmet restricted)
rElec    .         Reflect  .   x - +0 cloak
rCorr    .         Harm     .   (gloves unavailable)
MR       .....                  (boots unavailable)
Stlth    +.........             (no amulet)
Regen    0.3/turn               (no ring)
MPRegen  0.1/turn               (no ring)

@: no status effects
A: unfitting armour, tough skin 1
a: Berserk, Trog's Hand, Burn Spellbooks, Renounce Religion


You were on level 4 of the Dungeon.
You worshipped Trog.
Trog was pleased with you.
You were hungry.

You visited 1 branch of the dungeon, and saw 4 of its levels.

You collected 81 gold pieces.

Inventory:

Hand Weapons
 a - a +0 mace (weapon)
Armour
 b - a +0 animal skin (worn)
 x - a +0 cloak (worn)
Jewellery
 m - an uncursed amulet of faith {unknown}
 v - a +3 ring of slaying {unknown}
Scrolls
 d - 2 scrolls of teleportation {unknown}
 e - 3 scrolls of fog {unknown}
 f - 3 scrolls of identify {unknown}
 i - a scroll of amnesia {unknown}
 k - 2 scrolls of enchant weapon {unknown}
 l - 4 scrolls of remove curse {unknown}
 n - a scroll of blinking {unknown}
 s - a scroll of fear {unknown}
 u - a scroll of recharging {unknown}
 w - a scroll of immolation {unknown}
Potions
 h - 2 potions of flight {unknown}
 j - 2 potions of agility {unknown}
 o - 2 potions of haste {unknown}
 p - 2 potions of might {unknown}
 q - 2 potions of lignification {unknown}
 r - a potion of heal wounds {unknown}
 t - a potion of mutation {unknown}
 z - 2 potions of curing {unknown}
Comestibles
 c - 2 bread rations
 g - 2 meat rations


   Skills:
 * Level 8.2 Fighting
 + Level 4.4 Maces & Flails
 + Level 4.4 Dodging


You had 6 spell levels left.
You didn't know any spells.

Dungeon Overview and Level Annotations

Branches:
Dungeon (4/15)
 Temple: D:4-7

Altars:
Uskayaw


Innate Abilities, Weirdness & Mutations

You are too large for most types of armour.
You have tough skin. (AC +1)


Message History

* * * LOW HITPOINT WARNING * * *
The phantom hits you but does no damage.
Things that are here:
a club; a leather armour; an orc corpse You closely miss the phantom.
The phantom is heavily damaged.
The phantom hits you.
* * * LOW HITPOINT WARNING * * *
You sock the phantom!
The phantom is severely damaged.
The phantom closely misses you. The phantom hits you!
* * * LOW HITPOINT WARNING * * *
You barely miss the phantom.
The phantom is severely damaged.
The phantom hits you.
* * * LOW HITPOINT WARNING * * *
You miss the phantom.
The phantom is severely damaged.
The phantom hits you!
You die...

########## ##...##...##
##..?.......##
########............#
##....@W.............#
###########..######............#
............## ##..........##
###....###### ##...#....##
#.<..# ###...#### #....# ..###
#..### #.## ###.### .. ......##
###


You could see a phantom.

Vanquished Creatures
  Sigmund (D:2)
  2 ogres (D:4)
  2 scorpions (D:4)
  Terence (D:2)
  A worker ant (D:4)
  5 adders
  An ooze (D:2)
  3 worms
  A dart slug (D:1)
  7 leopard geckos
  8 orcs
  A ball python (D:4)
  6 bats
  A giant cockroach (D:3)
  6 hobgoblins
  A frilled lizard (D:2)
  6 goblins
  A jackal zombie (D:3)
  6 kobolds
  5 rats
65 creatures vanquished.

Notes
Turn   | Place    | Note
-------+----------+-------------------------------------------
     0 | D:1      | Heskey the Ogre Berserker began the quest for the Orb.
     0 | D:1      | Reached XP level 1. HP: 24/24 MP: 1/1
   229 | D:1      | Reached XP level 2. HP: 29/33 MP: 2/2
   363 | D:2      | Noticed Sigmund
   378 | D:2      | Killed Sigmund
   378 | D:2      | Reached skill level 6 in Fighting
   378 | D:2      | Reached XP level 3. HP: 32/44 MP: 3/3
   378 | D:2      | Reached XP level 4. HP: 38/52 MP: 4/4
   378 | D:2      | Reached XP level 5. HP: 43/59 MP: 5/5
  1174 | D:2      | Noticed Terence
  1180 | D:2      | Killed Terence
  1180 | D:2      | Reached XP level 6. HP: 68/68 MP: 6/6
  1528 | D:3      | Reached ** piety under Trog
  2458 | D:4      | Reached skill level 7 in Fighting
  2770 | D:4      | Reached XP level 7. HP: 78/78 MP: 7/7
  2882 | D:4      | Noticed a hand axe
  2883 | D:4      | Noticed a hand axe
  2884 | D:4      | Found a hide-covered altar of Uskayaw.
  2902 | D:4      | Reached skill level 8 in Fighting
  3385 | D:4      | HP: 3/80 [phantom (10)]
  3387 | D:4      | Mangled by a phantom

Skill      XL: |  1  2  3  4  5  6  7 |
---------------+----------------------+-----
Fighting       | 6 7 8 |  8.2
Maces & Flails | 3 4 |  4.4
Dodging        | 3 4 |  4.4

Action                   |  1- 3 |  4- 6 |  7- 9 || total
-------------------------+-------+-------+-------++-------
Melee: Mace              |    26 |   186 |    62 ||   274
Invok: Berserk           |     1 |     2 |       ||     3
  Eat: Chunk             |       |     8 |     2 ||    10
Armor: Animal skin       |     6 |    38 |    13 ||    57
Dodge: Dodged            |    16 |   103 |    32 ||   151
